 Dungeon Crawl Stone Soup version 0.16-a0-3667-g690a316 (webtiles) character file.

8019 dixiedixie the Brawler (level 11, 0/92 HPs)
             Began as a Bearkin Berserker on Jan 19, 2015.
             Was a High Priest of Trog.
             Slain by a killer bee (2 damage)
             ... on level 10 of the Dungeon on Jan 20, 2015.
             The game lasted 00:38:22 (8330 turns).

dixiedixie the Brawler (Bearkin Berserker)          Turns: 8330, Time: 00:38:22

Health: 0/92       AC: 12    Str: 27    XL:     11   Next: 4%
Magic:  11/11      EV: 11    Int:  6    God:    Trog [*****.]
Gold:   461        SH:  0    Dex: 10    Spells: 0 memorised, 10 levels left

rFire  . . .     SeeInvis +       - Unarmed
rCold  + . .     Clarity  .     Z - +3 leather armour {rC+}
rNeg   . . .     SustAb   .     (no shield)
rPois  +         Gourm    .     Q - +0 helmet
rElec  .         Spirit   .     I - +0 cloak
rCorr  .         Warding  .     (no gloves)
rMut   .         Stasis   .     e - +1 pair of boots (curse)
MR     ++...                    (no amulet)
Stlth  +.........               q - ring of see invisible
                                f - ring of poison resistance (curse)

@: lethally poisoned, regenerating, very resistant to hostile enchantments, very
unstealthy
A: claws 1, fangs 1, robust 1, shaggy fur 2, hind claws 2, cornered berserk
a: Cornered Berserk, Burn Spellbooks, Berserk, Trog's Hand, Brothers in Arms,
Renounce Religion


You were on level 10 of the Dungeon.
You worshipped Trog.
Trog was extremely pleased with you.
You were very hungry.

You visited 1 branch of the dungeon, and saw 10 of its levels.

You collected 461 gold pieces.

Inventory:

Hand weapons
 b - a +4 hand crossbow of flaming
 D - a +0 blowgun
 E - a +7 hunting sling of flaming
Missiles
 g - 8 javelins of returning (quivered)
 i - 112 stones
 k - a throwing net
 m - 7 javelins
 v - 8 tomahawks
 y - 7 curare-tipped needles
 O - 33 sling bullets
Armour
 e - a cursed +1 pair of boots (worn)
 w - a +0 robe of magic resistance
 B - a +1 leather armour of fire resistance
 I - a +0 cloak (worn)
 J - a +4 ring mail
 Q - a +0 helmet (worn)
 W - a cursed +0 ring mail of magic resistance
 Z - a +3 leather armour of cold resistance (worn)
Jewellery
 f - a cursed ring of poison resistance (left claw)
 o - a cursed ring of teleportation
 p - an uncursed ring of protection from cold
 q - a ring of see invisible (right claw)
 C - an uncursed ring of sustain abilities
Magical devices
 d - a wand of fire (4)
 K - a wand of slowing (24)
 S - a wand of draining (4)
 X - a wand of enslavement (12)
 Y - a wand of digging (11)
Scrolls
 h - 5 scrolls of magic mapping
 j - a scroll of enchant armour
 l - 4 scrolls of teleportation
 n - a scroll of recharging
 u - 2 scrolls of blinking
 F - a scroll of fear
 L - 2 scrolls of fog
 M - 2 scrolls of identify
 N - a scroll of remove curse
Potions
 r - 2 potions of curing {unknown}
 x - 4 potions of might
 z - 2 potions of poison {unknown}
 A - a potion of restore abilities {unknown}
 H - 2 potions of heal wounds {unknown}
Books
 G - a book of Transfigurations

   Spells                             Type                      Level
   a - Stoneskin                      Transmutation/Earth          2
   b - Irradiate                      Conjuration/Transmutation    5
   c - Statue Form                    Transmutation/Earth          6
   d - Hydra Form                     Transmutation                6
   e - Dragon Form                    Transmutation                7
   Trog disapproves of the use of such an item.
 P - a book of Control

   Spells                             Type                      Level
   a - Control Teleport               Charms/Translocation         4
   b - Control Undead                 Necromancy                   4
   c - Enslavement                    Hexes                        4
   d - Metabolic Englaciation         Hexes/Ice                    5
   e - Mass Confusion                 Hexes                        6
   Trog disapproves of the use of such an item.
 T - a book of Minor Magic

   Spells                             Type                      Level
   a - Magic Dart                     Conjuration                  1
   b - Blink                          Translocation                2
   c - Call Imp                       Summoning                    2
   d - Repel Missiles                 Charms/Air                   2
   e - Slow                           Hexes                        2
   f - Conjure Flame                  Conjuration/Fire             3
   g - Mephitic Cloud                 Conjuration/Poison/Air       3
   Trog disapproves of the use of such an item.
 U - a book of Death

   Spells                             Type                      Level
   a - Corpse Rot                     Necromancy                   2
   b - Sublimation of Blood           Necromancy                   2
   c - Agony                          Necromancy                   5
   d - Dispel Undead                  Necromancy                   5
   e - Excruciating Wounds            Charms/Necromancy            5
   f - Bolt of Draining               Conjuration/Necromancy       5
   Trog disapproves of the use of such an item.
Comestibles
 a - 5 bread rations
 c - 5 meat rations
 t - 2 fruits
 R - a slice of pizza
 V - 2 beef jerkies


   Skills:
 + Level 7.3 Fighting
 - Level 1.6 Throwing
 - Level 1.2 Armour
 - Level 1.5 Dodging
 + Level 15.0 Unarmed Combat


You had 10 spell levels left.
You didn't know any spells.

Dungeon Overview and Level Annotations

Branches:
Dungeon (10/15)            Temple (0/1) D:6            Lair (0/8) D:8
    Orc (0/4) D:9

Altars:
Cheibriados
Makhleb
Nemelex Xobeh
Qazlal
Ru
Yredelemnul
The Shining One
Beogh

Shops:
D:8 (


Innate Abilities, Weirdness & Mutations

You have sharp fingernails.
You have very sharp teeth.
You are robust (+10% HP).
You are covered in thick fur (AC +2).
Your hind legs have sharp claws.
You can berserk when greatly wounded.


Message History

Your glowing ring mail glows black for a moment.
You feel sick.
The killer bee stings you but does no damage.
You closely miss the kobold.
The killer bee stings you but does no damage.
The killer bee stings you.
* * * LOW HITPOINT WARNING * * *
The kobold hits you but does no damage.
Unknown command.
You miss the killer bee.
Your hind claws misses the killer bee.
The killer bee barely misses you.
Use which ability? (? or * to list)
Your skin crawls.
You feel resistant to hostile enchantments.
You feel slightly more hungry.
You feel sick.
The killer bee stings you but does no damage.
The kobold closely misses you.
The killer bee stings you but does no damage.
The killer bee stings you.
You die...

.....### .#
.....############..#
.....#.............#
.....#.........# .#####.
.....#.........# ..§.§..
.....'.........###.......
#############'##......#
...........yK#
....##....@.# .. #......#
#......# #......#
......... ##########


You could see a killer bee and a kobold.

Vanquished Creatures
  Urug (D:10)
  An unseen horror (D:10)
  A cyclops (D:8)
  Grinder (D:3)
  A wyvern (D:8)
  5 yaks (D:10)
  Eustachio (D:10)
  A hippogriff (D:9)
  A hungry ghost (D:10)
  A wraith (D:7)
  3 sky beasts
  6 orc warriors
  A water moccasin (D:7)
  A necrophage (D:7)
  A black bear (D:6)
  An eye of draining (D:9)
  The ghost of password the Ruffian, an average BeMo (D:3)
  A wasp (D:10)
  6 ogres
  2 big kobolds
  5 giant frogs
  2 elf zombies (D:7)
  A water moccasin zombie (D:7)
  A gnoll sergeant (D:8)
  A water moccasin skeleton (D:7)
  10 killer bees
  8 wights (D:10)
  4 crimson imps
  A centaur zombie (D:8)
  2 goliath beetles (D:6)
  7 hounds
  2 giant frog zombies
  6 orc priests
  4 jellies
  3 human zombies (D:7)
  A giant frog skeleton (D:6)
  2 iguanas
  2 orc wizards
  A centaur skeleton (D:8)
  6 worker ants
  An ogre skeleton (D:7)
  2 hound zombies
  4 mummies
  A worker ant zombie (D:7)
  10 adders
  11 gnolls
  3 shadow imps
  A giant mite (D:4)
  4 worms
  10 giant geckos
  3 oozes
  43 orcs
  12 bats
  A bat zombie (D:8)
  5 giant cockroaches
  13 goblins
  16 hobgoblins
  4 jackals (D:3)
  28 kobolds
  9 quokkas
  A ball python (D:2)
  A giant gecko skeleton (D:7)
  3 giant newts
  A giant spore (D:6)
  An orc zombie (D:7)
  A quokka zombie (D:6)
  13 rats
  3 ballistomycetes (D:6)
311 creatures vanquished.

Vanquished Creatures (collateral kills)
  A troll (D:9)
1 creature vanquished.

Grand Total: 312 creatures vanquished

Notes
Turn   | Place    | Note
--------------------------------------------------------------
     0 | D:1      | dixiedixie, the Bearkin Berserker, began the quest for the Orb.
     0 | D:1      | Reached XP level 1. HP: 18/18 MP: 1/1
    96 | D:1      | Reached XP level 2. HP: 4/24 MP: 2/2
   419 | D:1      | Reached skill level 4 in Unarmed Combat
   455 | D:1      | Acquired Trog's second power
   558 | D:1      | Reached XP level 3. HP: 20/29 MP: 3/3
   808 | D:2      | HP: 1/43 [gnoll/spear (5)]
   811 | D:2      | Reached skill level 5 in Unarmed Combat
   811 | D:2      | Gained mutation: You have very sharp teeth. [bearkin transformation]
   811 | D:2      | Reached XP level 4. HP: 1/35 MP: 4/4
   852 | D:2      | HP: 1/35 [worm (5)]
  1995 | D:3      | Noticed password's ghost (average BeMo)
  1999 | D:3      | Killed password's ghost
  1999 | D:3      | Reached skill level 6 in Unarmed Combat
  1999 | D:3      | Reached XP level 5. HP: 41/41 MP: 5/5
  2015 | D:3      | Noticed Grinder
  2041 | D:3      | Killed Grinder
  2041 | D:3      | Reached skill level 7 in Unarmed Combat
  2041 | D:3      | Gained mutation: You are covered in thick fur (AC +2). [bearkin transformation]
  2041 | D:3      | Reached XP level 6. HP: 8/47 MP: 6/6
  2446 | D:4      | Reached skill level 8 in Unarmed Combat
  2514 | D:4      | Acquired Trog's third power
  2514 | D:4      | Reached XP level 7. HP: 42/52 MP: 7/7
  3203 | D:5      | Entered Level 5 of the Dungeon
  3245 | D:5      | Reached skill level 9 in Unarmed Combat
  3915 | D:5      | Gained mutation: You possess an exceptional clarity of mind. [potion of mutation]
  3915 | D:5      | Gained mutation: Your body is slowly deteriorating. [potion of mutation]
  3915 | D:5      | Gained mutation: Your flesh is cold resistant. [potion of mutation]
  3916 | D:5      | Lost mutation: You possess an exceptional clarity of mind. [potion of cure mutation]
  3916 | D:5      | Lost mutation: Your body is slowly deteriorating. [potion of cure mutation]
  3916 | D:5      | Lost mutation: Your flesh is cold resistant. [potion of cure mutation]
  3928 | D:6      | Gained mutation: Your hind legs have sharp claws. [bearkin transformation]
  3928 | D:6      | Reached XP level 8. HP: 56/58 MP: 8/8
  4058 | D:6      | Found a staircase to the Ecumenical Temple.
  4149 | D:6      | Reached skill level 10 in Unarmed Combat
  4386 | D:6      | Found a sacrificial altar of Ru.
  4627 | D:7      | Reached skill level 11 in Unarmed Combat
  4637 | D:7      | Reached skill level 1 in Throwing
  5153 | D:7      | Received a gift from Trog
  5265 | D:7      | Gained mutation: You are robust (+10% HP). [bearkin transformation]
  5265 | D:7      | Reached XP level 9. HP: 47/70 MP: 9/9
  5486 | D:7      | Reached skill level 12 in Unarmed Combat
  5554 | D:7      | Found a basalt altar of Yredelemnul.
  5750 | D:8      | Found Groiss' Antique Weapon Emporium.
  6078 | D:8      | Found a staircase to the Lair.
  6306 | D:8      | Reached skill level 5 in Fighting
  6353 | D:8      | Reached skill level 13 in Unarmed Combat
  6564 | D:8      | Noticed a cyclops
  6578 | D:8      | Killed a cyclops
  6578 | D:8      | Reached XP level 10. HP: 55/81 MP: 10/10
  6992 | D:9      | Reached skill level 14 in Unarmed Combat
  7086 | D:9      | Found a roughly hewn altar of Beogh.
  7098 | D:9      | Received a gift from Trog
  7189 | D:9      | Found a snail-covered altar of Cheibriados.
  7189 | D:9      | Found a sparkling altar of Nemelex Xobeh.
  7190 | D:9      | Found a burning altar of Makhleb.
  7190 | D:9      | Found a stormy altar of Qazlal.
  7192 | D:9      | Found a glowing golden altar of the Shining One.
  7331 | D:9      | Found a staircase to the Orcish Mines.
  7348 | D:9      | Found a roughly hewn altar of Beogh.
  7754 | D:9      | Identified a scroll of acquirement
  7786 | D:10     | Entered Level 10 of the Dungeon
  7852 | D:10     | Noticed an unseen horror
  7863 | D:10     | Killed an unseen horror
  7905 | D:10     | Noticed Eustachio
  7909 | D:10     | Killed Eustachio
  8095 | D:10     | Received a gift from Trog
  8264 | D:10     | Noticed Urug
  8274 | D:10     | Killed Urug
  8274 | D:10     | Reached skill level 15 in Unarmed Combat
  8274 | D:10     | Reached XP level 11. HP: 13/92 MP: 11/11
  8327 | D:10     | HP: 1/92 [killer bee (6)]
  8330 | D:10     | Slain by a killer bee

Action                   |  1- 3 |  4- 6 |  7- 9 | 10-12 || total
-------------------------+-------+-------+-------+-------++-------
Melee: Unarmed           |   126 |   136 |   418 |   238 ||   918
 Fire: Hunting sling     |       |       |    39 |       ||    39
Throw: Javelin           |       |     7 |    27 |     5 ||    39
       Tomahawk          |       |       |     5 |       ||     5
       Stone             |       |       |     7 |       ||     7
Invok: Berserk           |     1 |     1 |     1 |     2 ||     5
       Brothers in Arms  |       |       |       |     1 ||     1
       Burn Spellbooks   |       |       |       |     1 ||     1
       Trog's Hand       |       |       |       |     1 ||     1
 Abil: Cornered Berserk  |     1 |       |       |       ||     1
  Use: Scroll            |     5 |     6 |     6 |     4 ||    21
       Potion            |       |     1 |     2 |       ||     3
  Eat: Chunk             |       |     7 |    12 |     7 ||    26
       Pizza             |       |     1 |       |       ||     1
       Beef jerky        |       |       |     1 |       ||     1
